 Dungeon Sprint DCSS version 0.22.1-2-g9c5b331383 (webtiles) character file.

291 Elric the Protected (level 6, -11/61 HPs)
             Began as a Minotaur Fighter on Nov 21, 2018.
             Mangled by Sonja
             ... wielding a +1 short sword of distortion
              (25 damage)
             ... in the Dungeon (Sprint I: "Red Sonja").
             The game lasted 00:01:13 (452 turns).

Elric the Protected (Minotaur Fighter)               Turns: 452, Time: 00:01:15

Health: -11/61     AC:  8    Str: 21    XL:     6   Next: 10%
Magic:  5/5        EV: 11    Int:  5    God:
Gold:   162        SH: 11    Dex: 11    Spells: 5/5 levels left

rFire    . . .     SeeInvis .   d - +1 long sword (venom)
rCold    . . .     Gourm    .   c - +0 shield
rNeg     . . .     Faith    .   b - +0 scale mail
rPois    .         Spirit   .   (helmet restricted)
rElec    .         Reflect  .   (no cloak)
rCorr    .         Harm     .   (no gloves)
MR       .....     NoTele   +   (no boots)
Stlth    ..........             (no amulet)
HPRegen  0.20/turn              (no ring)
MPRegen  0.09/turn              (no ring)

@: hasted, very quick
A: retaliatory headbutt, horns 2
a: no special abilities


You were in the Dungeon.
You were not hungry.

You visited 1 branch You collected 162 gold pieces.

Inventory:

Hand Weapons
 a - a +0 long sword
 d - a +1 long sword of venom (weapon)
Armour
 b - a +0 scale mail (worn)
 c - a +0 shield (worn)
Scrolls
 k - a scroll of blinking
Potions
 e - a potion of curing
 g - a potion of heal wounds
 i - 2 potions of magic
 j - a potion of berserk rage
Comestibles
 f - a ration


   Skills:
 + Level 8.0 Fighting
 + Level 7.0 Long Blades
 + Level 8.1 Armour
 + Level 5.3 Dodging
 + Level 8.1 Shields


You had 5 spell levels left.
You didn't know any spells.
Your spell library was empty.

Dungeon Overview and Level Annotations

Branches:
Dungeon (1/1)

Altars:
Sif Muna
Vehumet
Wu Jian

Annotations:
D Sonja


Innate Abilities, Weirdness & Mutations

You reflexively headbutt those who attack you in melee.
You have a pair of horns on your head.


Message History

Unknown command.
You barely miss Sonja.
Sonja is moderately wounded.
You block Sonja's attack. x2
Sonja hits you with an uncursed short sword of distortion.
You block Sonja's attack. Sonja misses you. Sonja hits you but does no damage.
Space warps horribly around you!
* * * LOW HITPOINT WARNING * * *
You feel better.
Sonja hits you with an uncursed short sword of distortion.
You feel a strange sense of stasis. Sonja barely misses you.
Sonja hits you with an uncursed short sword of distortion.
* * * LOW HITPOINT WARNING * * *
You closely miss Sonja.
Sonja is moderately wounded.
Sonja barely misses you.
Sonja hits you with an uncursed short sword of distortion.
* * * LOW HITPOINT WARNING * * *
Space warps horribly around you!
You die...

################
#<.#..').#..'..#
#..').#..').#..+
#..#####'#####K#
#..# #..# #@#
#..# #### ##.#
#..# #+#_.+ #⌠⌠#
+..._# ####
#_(#'# ##'#(#
##.### +$.$+
#$.$#


You could see Sonja.

Vanquished Creatures
  Sigmund (D)
  An ogre (D)
  A jelly (D)
  Ijyb (D)
4 creatures vanquished.

Notes
Turn   | Place    | Note
-------+----------+-------------------------------------------
     0 | D        | Elric the Minotaur Fighter began the quest for the Orb.
     0 | D        | Reached XP level 1. HP: 19/19 MP: 0/0
     2 | D        | Noticed Ijyb
    17 | D        | Killed Ijyb
    17 | D        | Reached skill level 5 in Fighting
    17 | D        | Reached skill level 5 in Armour
    17 | D        | Reached skill level 5 in Shields
    17 | D        | Reached XP level 2. HP: 27/29 MP: 1/1
    20 | D        | Noticed an ogre
    24 | D        | Killed an ogre
    24 | D        | Reached skill level 5 in Long Blades
    24 | D        | Reached XP level 3. HP: 7/38 MP: 2/2
    24 | D        | Reached XP level 4. HP: 8/45 MP: 3/3
   369 | D        | Noticed Sigmund
   380 | D        | Killed Sigmund
   380 | D        | Reached skill level 5 in Dodging
   380 | D        | Reached XP level 5. HP: 52/53 MP: 4/4
   402 | D        | Found a deep blue altar of Sif Muna.
   403 | D        | Found an ornate altar of the Wu Jian Council.
   404 | D        | Found a radiant altar of Vehumet.
   406 | D        | Reached XP level 6. HP: 61/61 MP: 5/5
   422 | D        | Noticed Sonja
   452 | D        | Mangled by Sonja

Skill      XL: |  1  2  3  4  5 |
---------------+----------------+-----
Fighting       | 5 6 7 8 |  8.0
Long Blades    | 3 5 6 7 |  7.0
Armour         | 5 6 7 8 |  8.1
Shields        | 5 6 7 8 |  8.1
Dodging        | 3 5 |  5.3

Action                   |  1- 3 |  4- 6 || total
-------------------------+-------+-------++-------
Melee: Long sword        |    17 |    22 ||    39
       Headbutt          |     3 |     2 ||     5
  Use: Potion            |       |     3 ||     3
Armor: Scale mail        |     9 |    11 ||    20
Dodge: Dodged            |     2 |    12 ||    14
Block: Shield            |     6 |    22 ||    28
       Rpst.: Long sword |     1 |     2 ||     3
